 Dungeon Crawl Stone Soup version 0.17-a0-777-g32247ce (webtiles) character file.

4230 ahoge the Basher (level 10, -12/60 HPs)
             Began as a Gargoyle Berserker on Apr 25, 2015.
             Was a High Priest of Trog.
             Killed from afar by a lava snake (25 damage)
             ... with a glob of lava
             ... on level 8 of the Dungeon.
             The game lasted 00:36:58 (8368 turns).

ahoge the Basher (Gargoyle Berserker)               Turns: 8368, Time: 00:36:58

Health: -12/60     AC: 14    Str: 20      XL:     10   Next: 30%
Magic:  10/10      EV: 14    Int:  8 (9)  God:    Trog [*****.]
Gold:   335        SH:  0    Dex: 12      Spells: 0 memorised, 9 levels left

rFire  . . .     SeeInvis .     r - +0 great mace
rCold  . . .     Clarity  .     e - +1 robe {MR+}
rNeg   + . .     SustAb   .     (no shield)
rPois  ∞         Gourm    .     p - +0 helmet
rElec  +         Spirit   .     k - +2 cloak
rCorr  .         Warding  .     (no gloves)
rMut   .         Stasis   .     (no boots)
MR     +++..                    (no amulet)
Stlth  +.........               (no ring)
                                d - +1 ring of slaying

@: regenerating, extremely resistant to hostile enchantments, very unstealthy
A: negative energy resistance 1, electricity resistance, unbreathing,
petrification resistance, rot immunity, AC +7
a: Burn Spellbooks, Berserk, Trog's Hand, Brothers in Arms, Renounce Religion


You were on level 8 of the Dungeon.
You worshipped Trog.
Trog was extremely pleased with you.
You were not hungry.

You visited 1 branch of the dungeon, and saw 8 of its levels.

You collected 335 gold pieces.

Inventory:

Hand weapons
 j - a +3 quarterstaff
 r - a +0 great mace (weapon)
 y - a +1 whip
Armour
 e - a +1 robe of magic resistance (worn)
 k - a +2 cloak (worn)
 p - a +0 helmet (worn)
 q - a +0 ring mail
Jewellery
 d - a +1 ring of slaying (left hand)
Magical devices
 a - a wand of confusion (29)
 f - a wand of fireball (3)
 i - a wand of frost (23)
 o - a wand of slowing (48)
 s - a wand of paralysis (-3)
 t - a wand of frost (48)
Scrolls
 g - a scroll of teleportation
 h - 6 scrolls of remove curse
 l - a scroll of recharging
 m - 5 scrolls of identify
Potions
 u - a potion of cancellation
 w - 4 potions of restore abilities
Books
 v - a book of Party Tricks

   Spells                             Type                      Level
   a - Summon Butterflies             Summoning                    1
   b - Apportation                    Translocation                1
   c - Tukima's Dance                 Hexes                        3
   d - Alistair's Intoxication        Transmutation/Poison         4
   e - Invisibility                   Hexes                        6
   Trog disapproves of the use of such an item.
Comestibles
 b - 9 fruits
 c - 3 bread rations
 n - 7 chunks of flesh
 z - a meat ration


   Skills:
 + Level 5.6 Fighting
 + Level 12.4 Maces & Flails
 + Level 4.8 Armour
 * Level 4.7 Dodging


You had 9 spell levels left.
You didn't know any spells.

Dungeon Overview and Level Annotations

Branches:
Dungeon (8/15)             Temple (0/1) D:6
   Lair: D:8-11

Altars:
Fedhas
Xom
Beogh


Innate Abilities, Weirdness & Mutations

You are resistant to torment.
Your stone body is resilient (AC +7).
You are immune to poison.
You resist negative energy.
You are resistant to electric shocks.
You can survive without breathing.
You are immune to petrification.
You are immune to rotting.


Message History

The lava snake bites you but does no damage.
You closely miss the lava snake. The lava snake spits lava at you.
The glob of lava hits you!
* * * LOW HITPOINT WARNING * * *
Use which ability? (? or * to list)
Your skin crawls.
You feel resistant to hostile enchantments.
You feel slightly more hungry. The lava snake spits lava at you.
The glob of lava misses you.
Drink which item? (? for menu, Esc to quit)
Okay, then.
The lava snake spits lava at you. The glob of lava misses you.
You see here a metal-bound book.
v - a book of Party Tricks The lava snake spits lava at you.
The glob of lava hits you!
You die...

#≈≈....§....≈≈# ###.
#≈...§§§≈≈...≈# ##.#.
#≈...≈.).≈..§§# #....
#≈..≈§§≈..≈..§### ##...
#§...§§..≈...§#.# #.#.
#§§§§§§.≈§...§#.# #.#.
#≈§.§§.≈....≈≈#.#######.#.
#≈§§§......≈≈§#.........#.
#≈§§≈....@≈≈§≈###########.
#§≈≈≈§S≈≈≈§≈≈§# #.
############### ##


You could see a lava snake.

Vanquished Creatures
  Maurice (D:8)
  Grinder (D:5)
  Prince Ribbit (D:7)
  Sigmund (D:2)
  A wyvern (D:7)
  A hippogriff (D:8)
  The ghost of Pnognoglozu the Schismatic, an average DsAK of Lugonu (D:4)
  Duvessa (D:5)
  A black bear (D:8)
  4 phantoms
  4 ogres
  A sky beast (D:7)
  A centaur (D:7)
  Blork the orc (D:5)
  3 giant frogs (D:7)
  Dowan (D:5)
  2 scorpions
  4 killer bees (D:6)
  5 wights (D:6)
  4 crimson imps
  A jelly (D:7)
  5 orc wizards
  3 orc priests (D:5)
  7 worker ants
  3 hounds
  3 iguanas
  A hound skeleton (D:6)
  Robin (D:2)
  11 gnolls
  12 adders
  An ooze (D:2)
  3 worms
  6 giant geckos
  25 orcs
  A bat skeleton (D:7)
  A bat zombie (D:7)
  8 giant cockroaches
  22 goblins
  15 hobgoblins
  2 quokkas
  A ball python (D:3)
  14 bats
  2 giant newts
  10 jackals
  A jackal zombie (D:5)
  17 kobolds
  A quokka skeleton (D:5)
  14 rats
230 creatures vanquished.

Notes
Turn   | Place    | Note
--------------------------------------------------------------
     0 | D:1      | ahoge, the Gargoyle Berserker, began the quest for the Orb.
     0 | D:1      | Reached XP level 1. HP: 14/14 MP: 1/1
    63 | D:1      | Found a roughly hewn altar of Beogh.
    63 | D:1      | Noticed an orc wizard
    64 | D:1      | Noticed an orc warrior
    81 | D:1      | Reached XP level 2. HP: 13/19 MP: 2/2
    97 | D:1      | Noticed an orc wizard
   483 | D:1      | Reached skill level 4 in Maces & Flails
   500 | D:1      | Acquired Trog's second power
   500 | D:1      | Reached XP level 3. HP: 21/23 MP: 3/3
  1428 | D:2      | Noticed Robin
  1437 | D:2      | Reached XP level 4. HP: 28/28 MP: 4/4
  1444 | D:2      | Killed Robin
  1446 | D:2      | Reached skill level 5 in Maces & Flails
  1451 | D:2      | Found a blossoming altar of Fedhas.
  1797 | D:2      | Noticed Sigmund
  1812 | D:2      | Killed Sigmund
  1812 | D:2      | Reached skill level 6 in Maces & Flails
  1812 | D:2      | Reached XP level 5. HP: 32/32 MP: 5/5
  1812 | D:2      | Reached XP level 6. HP: 37/37 MP: 6/6
  2140 | D:3      | Reached skill level 7 in Maces & Flails
  2850 | D:4      | Acquired Trog's third power
  3197 | D:4      | Noticed Pnognoglozu's ghost (average DsAK)
  3261 | D:4      | Killed Pnognoglozu's ghost
  3261 | D:4      | Reached skill level 8 in Maces & Flails
  3261 | D:4      | Reached XP level 7. HP: 2/41 MP: 7/7
  4033 | D:5      | Entered Level 5 of the Dungeon
  4080 | D:5      | Noticed Grinder
  4122 | D:5      | Noticed Duvessa
  4127 | D:5      | Noticed Dowan
  4195 | D:5      | Killed Duvessa
  4206 | D:5      | Killed Grinder
  4206 | D:5      | Reached skill level 9 in Maces & Flails
  4206 | D:5      | Reached XP level 8. HP: 29/46 MP: 8/8
  4274 | D:5      | Killed Dowan
  4622 | D:5      | Reached skill level 10 in Maces & Flails
  5396 | D:5      | Reached skill level 11 in Maces & Flails
  5478 | D:5      | Noticed Blork the orc
  5490 | D:5      | Killed Blork the orc
  5570 | D:6      | Found a shimmering altar of Xom.
  5862 | D:6      | Reached XP level 9. HP: 36/51 MP: 9/9
  5876 | D:6      | Found a staircase to the Ecumenical Temple.
  6153 | D:6      | Reached skill level 12 in Maces & Flails
  7866 | D:7      | Noticed Prince Ribbit
  7876 | D:7      | Killed Prince Ribbit
  7876 | D:7      | Reached skill level 5 in Fighting
  7876 | D:7      | Reached XP level 10. HP: 49/59 MP: 10/10
  8211 | D:8      | Noticed Maurice
  8246 | D:8      | Killed Maurice
  8368 | D:8      | Killed from afar by a lava snake

Action                   |  1- 3 |  4- 6 |  7- 9 | 10-12 || total
-------------------------+-------+-------+-------+-------++-------
Melee: Mace              |   159 |   171 |       |       ||   330
       Whip              |       |   173 |   880 |       ||  1053
       Great mace        |       |       |     6 |    65 ||    71
Invok: Berserk           |     1 |     3 |     6 |       ||    10
       Trog's Hand       |     1 |     2 |     8 |     1 ||    12
       Brothers in Arms  |       |       |     1 |       ||     1
Evoke: Wand              |       |     1 |       |       ||     1
  Use: Potion            |       |       |     9 |     1 ||    10
       Scroll            |       |       |    13 |     2 ||    15
 Stab: Sleeping          |       |       |     1 |       ||     1
  Eat: Chunk             |     2 |     9 |    18 |     2 ||    31
       Beef jerky        |       |       |     1 |       ||     1
       Meat ration       |       |       |     1 |       ||     1
